Map: Catalyst LE

Players

Blast

  • Race: Zerg Zerg
  • Spawn Location: 5:00

Raze - Winner!

  • Race: Protoss Protoss
  • Spawn Location: 11:00

Event: WCS Austin 2018

VOD

Have the link to the VOD?

Description

Time

  • Played on: June 1, 2018, 1:50 p.m.
  • Length: 11:36

All games in this series

Show
View Real Time Build Order
Export as new Build Order

Blast Zerg 

Build Orders: Hatch First, Lurkers 

Get SALT Encoding   

  12  0:01  Drone  
  13  0:13  Overlord  
  13  0:17  Drone  
  14  0:32  Drone x2  
  16  0:37  Drone  
  17  0:56  Drone  
  18  0:57  Extractor  
  18  0:58  Hatchery  
  18  1:00  Drone  
  17  1:17  Spawning Pool  
  16  1:22  Drone x2  
  18  1:36  Drone  
  19  1:41  Overlord  
  19  2:06  Metabolic Boost  
  19  2:08  Queen, Zergling x4  
  21  2:13  Queen  
  25  2:18  Drone x2  
  27  2:23  Drone  
  27  2:26  Drone  
  29  2:33  Drone x2  
  31  2:43  Overlord  
  31  2:44  Pneumatized Carapace  
  31  2:51  Queen  
  33  3:03  Drone x3  
  36  3:08  Drone x2  
  38  3:14  Drone  
  39  3:21  Zergling x2  
  39  3:22  Zergling x6  
  42  3:34  Zergling x4  
  42  3:36  Spore Crawler x2  
  41  3:52  Overlord x2  
  41  3:59  Overlord  
  41  4:00  Overlord  
  41  4:03  Hatchery  
  40  4:11  Evolution Chamber  
  40  4:12  Baneling Nest  
  40  4:13  Drone x5  
  40  4:15  Drone  
  44  4:27  Drone x3  
  44  4:28  Drone x2  
  48  4:35  Drone x2  
  50  4:38  Zerg Melee Weapons Level 1  
  50  4:41  Drone, Extractor  
  50  4:46  Drone  
  50  4:48  Overlord  
  50  4:49  Drone x2  
  50  4:50  Drone x2  
  55  4:59  Drone x3  
  58  5:01  Lair  
  58  5:06  Extractor  
  57  5:13  Overlord  
  57  5:21  Drone  
  57  5:22  Drone x7  
  65  5:31  Zergling x2  
  65  5:32  Zergling x2  
  65  5:35  Zergling x2  
  68  5:37  Spore Crawler  
  63  5:56  Zergling x8  
  63  5:57  Zergling x14  
  70  5:58  Zergling x2  
  71  6:05  Drone  
  71  6:10  Queen  
  74  6:11  Drone x2  
  74  6:16  Hydralisk Den  
  75  6:33  Zerg Missile Weapons Level 1  
  73  6:46  Hydralisk x5  
  73  6:47  Hydralisk  
  71  6:49  Overlord x2  
  71  6:50  Overlord  
  71  6:51  Overlord x2  
  81  6:54  Muscular Augments  
  81  7:13  Hydralisk x8  
  96  7:17  Hydralisk  
  96  7:19  Hydralisk x2  
  102  7:26  Hydralisk  
  102  7:29  Zergling x8  
  108  7:30  Zergling x4  
  105  7:50  Hydralisk x4  
  110  7:55  Hydralisk  
  110  7:57  Zergling x6  
  110  7:58  Overlord x5  
  114  7:59  Overlord, Overseer  
  114  8:03  Overlord  
  112  8:17  Zergling x6  
  112  8:18  Zergling x12  
  120  8:26  Zergling x2  
  109  8:33  Zergling x8  
  101  8:40  Hydralisk x3  
  83  8:45  Zerg Missile Weapons Level 2  
  77  8:54  Drone x3  
  78  8:58  Drone  
  78  9:00  Drone  
  80  9:03  Drone  
  80  9:08  Drone  
  79  9:17  Drone  
  79  9:18  Drone x7  
  87  9:25  Grooved Spines, Extractor  
  87  9:26  Lurker Den, Extractor  
  84  9:32  Hatchery  
  84  9:34  Drone x2  
  84  9:35  Drone x5  
  84  9:36  Drone  
  90  9:47  Zergling x4  
  90  9:48  Zergling x6  
  94  9:56  Hydralisk  
  94  9:57  Hydralisk x3  
  94  9:58  Overseer x3  
  95  10:07  Hydralisk x2  
  95  10:13  Hydralisk x3  
  104  10:20  Hydralisk x3  
  106  10:24  Zergling x4  
  102  10:34  Zergling x6  
  105  10:44  Queen  
  106  10:51  Zergling x4  
  106  10:52  Zergling x10  
  106  10:57  Baneling  
  109  11:02  Lurker x5  
  111  11:05  Lurker  
  111  11:06  Zergling x16  
  111  11:07  Zergling x2  
  111  11:09  Zergling x2  
  111  11:10  Baneling  
  120  11:11  Extractor  
  120  11:12  Extractor  
  120  11:13  Zergling x6  
Show
View Real Time Build Order
Export as new Build Order

Raze Protoss - Winner!

Build Orders: 1 Gate Expand, Oracle Opening, Phoenix Opening, Chargelot Immortal 

Get SALT Encoding   

  12  0:00  Probe  
  13  0:12  Probe  
  14  0:18  Pylon  
  14  0:24  Probe  
  15  0:32  Probe  
  15  0:38  Gateway  
  15  0:40  Probe  
  16  0:48  Assimilator  
  17  0:51  Probe  
  18  1:03  Probe  
  19  1:15  Probe  
  20  1:26  Nexus  
  20  1:37  Cybernetics Core  
  20  1:39  Probe  
  21  1:46  Assimilator  
  21  1:52  Probe  
  22  1:55  Pylon  
  22  2:02  Probe  
  22  2:04  Adept  
  23  2:10  Probe  
  26  2:19  Stargate, Probe  
  26  2:25  Adept  
  26  2:27  Warp Gate  
  30  2:37  Probe  
  30  2:40  Probe  
  31  2:49  Probe  
  32  2:52  Probe  
  32  2:57  Phoenix  
  33  3:01  Probe  
  33  3:04  Probe  
  37  3:13  Probe  
  37  3:14  Adept  
  37  3:16  Probe  
  41  3:28  Probe x2  
  41  3:29  Oracle  
  43  3:40  Probe  
  43  3:41  Probe  
  46  3:44  Assimilator  
  46  3:46  Assimilator  
  44  3:50  Gateway  
  44  3:52  Gateway, Probe  
  44  3:53  Probe  
  46  4:03  Pylon  
  46  4:07  Pylon  
  46  4:21  Oracle, Probe x2  
  46  4:23  Nexus  
  51  4:34  Adept  
  51  4:35  Probe x2  
  55  4:47  Adept x2  
  55  4:50  Probe  
  55  4:51  Probe  
  55  4:52  Twilight Council  
  61  4:53  Forge  
  61  5:00  Nexus  
  61  5:03  Pylon  
  61  5:05  Probe  
  62  5:10  Pylon  
  62  5:21  Oracle, Probe x2  
  67  5:27  Protoss Ground Weapons Level 1  
  67  5:31  Robotics Facility, Sentry  
  67  5:32  Sentry  
  67  5:33  Robotics Facility, Probe x2  
  73  5:45  Probe x2  
  73  5:49  Charge  
  75  5:57  Probe x2  
  75  6:01  Pylon  
  77  6:05  Gateway  
  77  6:06  Gateway  
  77  6:07  Gateway  
  77  6:09  Oracle, Probe  
  81  6:21  Immortal  
  81  6:23  Immortal  
  89  6:25  Sentry  
  89  6:26  Probe  
  89  6:27  Probe  
  89  6:31  Probe  
  94  6:39  Probe x2  
  96  6:41  Zealot  
  96  6:42  Zealot  
  96  6:44  Probe  
  101  6:48  Assimilator  
  101  6:49  Assimilator  
  101  6:51  Pylon  
  101  6:55  Pylon  
  101  6:58  Templar Archives  
  101  7:09  Immortal, Probe x3  
  101  7:13  Immortal  
  101  7:14  Protoss Ground Weapons Level 2  
  112  7:17  Pylon x2  
  112  7:21  Probe  
  111  7:25  Psionic Storm  
  111  7:40  Probe x2  
  102  7:48  Immortal  
  106  7:59  Immortal  
  106  8:01  Probe x3  
  106  8:05  High Templar  
  115  8:09  Pylon  
  115  8:11  Zealot x2  
  115  8:12  Gateway  
  117  8:14  Gateway  
  117  8:17  High Templar  
  117  8:19  Zealot x2  
  111  8:27  Immortal  
  111  8:32  Zealot x2  
  103  8:39  Zealot x2  
  103  8:40  Zealot  
  98  8:44  Immortal  
  102  8:55  High Templar x3  
  108  9:03  High Templar  
  108  9:04  Zealot  
  108  9:05  Zealot  
  113  9:15  Probe x2  
  113  9:16  Probe  
  116  9:21  Immortal  
  116  9:23  Immortal  
  124  9:31  Nexus  
  124  9:33  High Templar x2  
  124  9:34  Zealot x2, Pylon  
  124  9:35  Zealot  
  124  9:36  Zealot, Pylon  
  136  9:39  Archon  
  136  9:40  Probe  
  136  9:41  Probe x2  
  136  9:42  Zealot  
  141  9:48  Sentry  
  141  10:01  Pylon  
  141  10:03  Shield Battery  
  141  10:05  Shield Battery  
  141  10:06  High Templar x2  
  145  10:12  Archon  
  145  10:16  Zealot x5  
  154  10:24  Pylon  
  154  10:25  Warp Prism  
  154  10:26  Observer  
  157  10:30  High Templar  
  157  10:32  Probe x3  
  162  10:37  High Templar  
  164  10:43  Pylon  
  164  10:44  High Templar, Probe x3  
  164  10:45  Pylon, Probe  
  164  10:47  Zealot x3  
  177  10:57  Observer  
  177  11:03  Probe x2, Pylon  
  177  11:04  Probe  
  186  11:32  Archon  
  160  11:34  High Templar x3  
Tags
 
Add a new tag
Caveats
  • Supply blocks, unpowered buildings, or Contaminate may cause inaccurate times.
  • Supply counts are checked every 10 seconds.